 Dungeon Crawl Stone Soup version 0.16.1-51-g6203257 (webtiles) character file.

819 uhvn the Ducker (level 7, -10/38 HPs)
             Began as a Vine Stalker Monk on July 9, 2015.
             Mangled by an orc warrior
             ... wielding a +0 halberd
              (15 damage)
             ... on level 4 of the Dungeon.
             The game lasted 00:16:55 (3415 turns).

uhvn the Ducker (Vine Stalker Monk)                 Turns: 3415, Time: 00:16:55

Health: -10/38     AC:  4    Str: 13    XL:     7   Next: 95%
Magic:  0/18       EV: 16    Int: 10    God:
Gold:   260        SH:  0    Dex: 19    Spells: 0 memorised, 6 levels left

rFire  . . .     SeeInvis .     q - +0 dagger (flame)
rCold  . . .     Clarity  .     a - +0 robe
rNeg   . . .     SustAb   .     (no shield)
rPois  .         Gourm    .     g - +0 helmet
rElec  .         Spirit   +     e - +0 cloak
rCorr  .         Warding  .     (no gloves)
rMut   .         Stasis   .     (no boots)
MR     .....                    c - amulet of guardian spirit
Stlth  +++.......               (no ring)
                                n - ring of magical power

@: not resistant to hostile enchantments, fairly stealthy
A: fangs 2, regeneration 2, magic shield, antimagic bite, no device heal 3, rot
immunity
a: no special abilities


You were on level 4 of the Dungeon.
You were not hungry.

You visited 1 branch of the dungeon, and saw 4 of its levels.

You collected 260 gold pieces.

Inventory:

Hand weapons
 d - a +2 dagger of venom
 q - a +0 dagger of flaming (weapon)
 w - a cursed -2 dagger
Armour
 a - a +0 robe (worn)
 e - a +0 cloak (worn)
 g - a +0 helmet (worn)
 B - a +0 cloak
Magical staves
 p - an uncursed staff of energy {unknown}
Jewellery
 c - an amulet of guardian spirit (around neck)
 m - an uncursed amulet of inaccuracy
 n - a ring of magical power (left hand)
Magical devices
 z - a wand of draining (0)
Scrolls
 l - 2 scrolls of teleportation
 o - a scroll of magic mapping {unknown}
 v - a scroll of amnesia {unknown}
 y - 3 scrolls of identify
 A - a scroll of recharging {unknown}
 D - a scroll of fear {unknown}
 F - a scroll of remove curse
Potions
 h - 4 potions of heal wounds {unknown}
 i - 2 potions of agility
 j - a potion of restore abilities {unknown}
 r - a potion of mutation {unknown}
 t - a potion of cure mutation {unknown}
 u - a potion of brilliance {unknown}
 x - 2 potions of resistance {unknown}
 E - a potion of flight {unknown}
Comestibles
 b - 4 bread rations
 f - a royal jelly
 k - 2 meat rations
 s - 2 slices of pizza
 C - a beef jerky


   Skills:
 + Level 4.5 Fighting
 + Level 2.8 Short Blades
 + Level 5.5 Dodging
 + Level 4.6 Stealth
 - Level 4.0 Unarmed Combat


You had 6 spell levels left.
You didn't know any spells.

Dungeon Overview and Level Annotations

Branches:
Dungeon (4/15)
 Temple: D:4-7

Altars:
Xom


Innate Abilities, Weirdness & Mutations

You have extremely sharp teeth.
You heal very quickly.
When hurt, damage is shared between your health and your magic reserves.
Your bite disrupts and absorbs the magic of your enemies.
Potions and wands cannot restore your health.
You are immune to rotting.


Message History

That item cannot be evoked!
Evoke which item? (* to show all) (? for menu, Esc to quit)
Zapping:
z - a wand of draining {zapped: 2} (will waste charges)
Press: ? - help, Shift-Dir - straight line, f - orc warrior
Aim: an orc warrior, wielding a halberd and wearing a chain mail (moderately wounded)
The bolt of negative energy misses the orc warrior.
The bolt of negative energy hits the orc priest.
The orc priest is drained!
You kill the orc priest!
Evoking this partially-identified wand wasted a few charges.
The orc warrior hits you with a halberd.
Evoke which item? (* to show all) (? for menu, Esc to quit)
Zapping:
z - a wand of draining {zapped: 4} (will waste charges)
Press: ? - help, Shift-Dir - straight line, f/p - orc warrior
Aim: an orc warrior, wielding a halberd and wearing a chain mail (moderately wounded) Nothing appears to happen.
The orc warrior hits you with a halberd!!
* * * LOW HITPOINT WARNING * * *
The orc warrior hits you from afar with a halberd!
You die...

#.............#
#....####.....#
#....# #......
#....# #.......
##.####
#.###....# #..#
#o# #....# #..#
##o# #....#
#..###.# #..
#....@##
#.....#
#.....####..
#...........
#...##.#####
###.# .# #.. .#
#.##.. #.. .


You could see an orc warrior and an orc.

Vanquished Creatures
  Grinder (D:4)
  Eustachio (D:4)
  An ogre (D:4)
  2 orc priests (D:4)
  An iguana (D:4)
  Natasha (thrice) (D:3)
  2 worker ants
  Ijyb (D:3)
  A hound skeleton (D:4)
  6 gnolls
  A white imp (D:4)
  5 adders
  A worm (D:2)
  2 giant geckos
  An ooze (D:1)
  9 orcs
  3 ball pythons
  6 bats
  15 goblins
  5 hobgoblins
  9 kobolds
  3 quokkas (D:2)
  3 giant cockroaches
  4 giant newts
  6 jackals (D:4)
  8 rats
100 creatures vanquished.

Notes
Turn   | Place    | Note
--------------------------------------------------------------
     0 | D:1      | uhvn, the Vine Stalker Monk, began the quest for the Orb.
     0 | D:1      | Reached XP level 1. HP: 11/11 MP: 1/1
   108 | D:1      | Reached XP level 2. HP: 14/16 MP: 3/3
   465 | D:1      | Reached XP level 3. HP: 17/20 MP: 4/4
  1056 | D:2      | Reached XP level 4. HP: 16/24 MP: 5/5
  1195 | D:2      | Reached skill level 1 in Short Blades
  1403 | D:2      | Reached XP level 5. HP: 18/28 MP: 7/7
  1748 | D:3      | Noticed Ijyb
  1763 | D:3      | Killed Ijyb
  1786 | D:3      | Noticed Natasha
  1796 | D:3      | Killed Natasha
  2047 | D:3      | Noticed Natasha
  2056 | D:3      | Killed Natasha
  2154 | D:3      | Noticed Natasha
  2159 | D:3      | Killed Natasha
  2370 | D:4      | Gained mutation: You heal very quickly. [vine stalker growth]
  2370 | D:4      | Reached XP level 6. HP: 11/33 MP: 7/8
  2602 | D:4      | Found a shimmering altar of Xom.
  2908 | D:4      | Noticed Eustachio
  2908 | D:4      | Noticed an ogre
  2985 | D:4      | Killed Eustachio
  2985 | D:4      | Reached XP level 7. HP: 29/37 MP: 9/9
  3038 | D:4      | Killed an ogre
  3114 | D:4      | Noticed Grinder
  3129 | D:4      | Reached skill level 5 in Dodging
  3131 | D:4      | Paralysed by Grinder for 5 turns
  3161 | D:4      | Killed Grinder
  3404 | D:4      | Noticed an orc warrior
  3415 | D:4      | Mangled by an orc warrior

Action                   |  1- 3 |  4- 6 |  7- 9 || total
-------------------------+-------+-------+-------++-------
Melee: Dagger            |    81 |   267 |    70 ||   418
Evoke: Wand              |       |       |     2 ||     2
  Use: Scroll            |     4 |       |       ||     4
 Stab: Sleeping          |     1 |     5 |       ||     6
  Eat: Chunk             |       |     6 |     2 ||     8
